3L
NEW ORLEANS VOODOO @ DETROIT RENAISSANCE
09/18/2030
 
TOP OF THE 1ST
New Orleans Voodoo batting - Pitching for Detroit Renaissance : RHP Javier Castillo
Pitching: RHP Javier Castillo
Batting: RHB Rafael Arredondo 0-0: Called Strike
0-1: Fly out, F5 (Popup, 5)
Batting: LHB William O'Keefe 0-0: Called Strike
0-1: Foul Ball, location: 2F
0-2: Ground out 4-3 (Groundball, 4)
Batting: RHB Claudio Tappen 0-0: Ball
1-0: Foul Ball, location: 2F
1-1: Foul Ball, location: 2F
1-2: Strikes out swinging
Top of the 1st over - 0 runs, 0 hits, 0 errors, 0 left on base; New Orleans 0 - Detroit 0
BOTTOM OF THE 1ST
Detroit Renaissance batting - Pitching for New Orleans Voodoo : RHP Juan Montoya
Pitching: RHP Juan Montoya
Batting: RHB Steve Irwin 0-0: Ground out 1-3 (Groundball, 13)
Batting: RHB Won-min Yi 0-0: Ball
1-0: Foul Ball, location: 2F
1-1: Ground out 6-3 (Groundball, 6)
Batting: RHB Eric D'Angle 0-0: Ball
1-0: Fly out, F9 (Flyball, 9LSF)
Bottom of the 1st over - 0 runs, 0 hits, 0 errors, 0 left on base; New Orleans 0 - Detroit 0
TOP OF THE 2ND
New Orleans Voodoo batting - Pitching for Detroit Renaissance : RHP Javier Castillo
Batting: RHB Mario Álvarez 0-0: Ground out 5-3 (Groundball, 56S)
Batting: RHB Griffin Woodfinlevine 0-0: SINGLE (Line Drive, 89M)
Batting: RHB António Pérez 0-0: Ball
1-0: Ball
2-0: Called Strike
2-1: Ball
3-1: Called Strike
3-2: Strikes out swinging
Batting: SHB Zuberi Mccray 0-0: Called Strike
Griffin Woodfinlevine steals 2nd base
0-1: Foul Ball, location: 2F
0-2: Strikes out swinging
Top of the 2nd over - 0 runs, 1 hit, 0 errors, 1 left on base; New Orleans 0 - Detroit 0
BOTTOM OF THE 2ND
Detroit Renaissance batting - Pitching for New Orleans Voodoo : RHP Juan Montoya
Batting: RHB Quincy van Enk 0-0: Foul Ball, location: 2F
0-1: Called Strike
0-2: Strikes out swinging
Batting: LHB Lance Antle 0-0: Ball
1-0: Fly out, F9 (Flyball, 9S)
Batting: LHB Elian Gonzalez 0-0: Ball
1-0: Ball
2-0: Foul Ball, location: 2F
2-1: Fly out, F8 (Flyball, 8RM)
Bottom of the 2nd over - 0 runs, 0 hits, 0 errors, 0 left on base; New Orleans 0 - Detroit 0
TOP OF THE 3RD
New Orleans Voodoo batting - Pitching for Detroit Renaissance : RHP Javier Castillo
Batting: RHB Arnold Giroux 0-0: Foul Ball, location: 2F
0-1: Ball
1-1: Fly out, F8 (Flyball, 8LXD)
Batting: RHB Orlando Velásquez 0-0: Foul Ball, location: 2F
0-1: SINGLE (Line Drive, 89S)
Batting: RHB Rafael Arredondo 0-0: Foul Ball, location: 2F
0-1: Ball
1-1: Foul Ball, location: 2F
1-2: Ball
2-2: Fly out, F9 (Flyball, 9)
Batting: LHB William O'Keefe 0-0: Ball
1-0: Ball
2-0: Called Strike
2-1: Ball
3-1: Base on Balls
Orlando Velásquez to second
Batting: RHB Claudio Tappen 0-0: Swinging Strike
0-1: Fielders Choice at 2nd, 5-4 (Groundball, 56)
Top of the 3rd over - 0 runs, 1 hit, 0 errors, 2 left on base; New Orleans 0 - Detroit 0
BOTTOM OF THE 3RD
Detroit Renaissance batting - Pitching for New Orleans Voodoo : RHP Juan Montoya
Batting: LHB Alexis Raimbault 0-0: Ball
1-0: Fly out, F7 (Line Drive, 78M)
Batting: LHB Eric Thackston 0-0: Ball
1-0: Ball
2-0: Ground out 1-3 (Groundball, P)
Batting: RHB Sixto Estrada 0-0: Ball
1-0: Ground out 5-3 (Groundball, 5)
Bottom of the 3rd over - 0 runs, 0 hits, 0 errors, 0 left on base; New Orleans 0 - Detroit 0
TOP OF THE 4TH
New Orleans Voodoo batting - Pitching for Detroit Renaissance : RHP Javier Castillo
Batting: RHB Mario Álvarez 0-0: Ball
1-0: Ball
2-0: Called Strike
2-1: Ball
3-1: Ground out 4-3 (Groundball, 4M)
Batting: RHB Griffin Woodfinlevine 0-0: Foul Ball, location: 2F
0-1: Foul Ball, location: 2F
0-2: Strikes out swinging
Batting: RHB António Pérez 0-0: Called Strike
0-1: Foul Ball, location: 2F
0-2: SINGLE (Groundball, 25) (infield hit)
Batting: SHB Zuberi Mccray 0-0: Fielders Choice at 2nd, 5-4 (Groundball, 5)
Top of the 4th over - 0 runs, 1 hit, 0 errors, 1 left on base; New Orleans 0 - Detroit 0
BOTTOM OF THE 4TH
Detroit Renaissance batting - Pitching for New Orleans Voodoo : RHP Juan Montoya
Batting: RHB Steve Irwin 0-0: Ball
1-0: Called Strike
1-1: Foul Ball, location: 2F
1-2: Foul Ball, location: 2F
1-2: Strikes out swinging
Batting: RHB Won-min Yi 0-0: Foul Ball, location: 2F
0-1: Ground out 6-3 (Groundball, 6D)
Batting: RHB Eric D'Angle 0-0: Called Strike
0-1: Ball
1-1: Ball
2-1: Fly out, F2 (Popup, 3SF)
Bottom of the 4th over - 0 runs, 0 hits, 0 errors, 0 left on base; New Orleans 0 - Detroit 0
TOP OF THE 5TH
New Orleans Voodoo batting - Pitching for Detroit Renaissance : RHP Javier Castillo
Batting: RHB Arnold Giroux 0-0: Ball
1-0: Foul Ball, location: 2F
1-1: Fly out, F9 (Flyball, 9LSF)
Batting: RHB Orlando Velásquez 0-0: Ball
1-0: Bunted foul
1-1: Ball
2-1: Ground out 4-3 (Groundball, 4)
Batting: RHB Rafael Arredondo 0-0: Swinging Strike
0-1: Foul Ball, location: 2F
0-2: Foul Ball, location: 2F
0-2: Strikes out swinging
Top of the 5th over - 0 runs, 0 hits, 0 errors, 0 left on base; New Orleans 0 - Detroit 0
BOTTOM OF THE 5TH
Detroit Renaissance batting - Pitching for New Orleans Voodoo : RHP Juan Montoya
Batting: RHB Quincy van Enk 0-0: Ground out 4-3 (Groundball, 4)
Batting: LHB Lance Antle 0-0: Ball
1-0: Ground out 4-3 (Groundball, 4)
Batting: LHB Elian Gonzalez 0-0: Foul Ball, location: 2F
0-1: Ball
1-1: Fly out, F5 (Line Drive, 56)
Bottom of the 5th over - 0 runs, 0 hits, 0 errors, 0 left on base; New Orleans 0 - Detroit 0
TOP OF THE 6TH
New Orleans Voodoo batting - Pitching for Detroit Renaissance : RHP Javier Castillo
Batting: LHB William O'Keefe 0-0: Ball
1-0: Swinging Strike
1-1: Ball
2-1: SINGLE (Line Drive, 89S)
Batting: RHB Claudio Tappen 0-0: Swinging Strike
0-1: Ball
1-1: Foul Ball, location: 2F
1-2: Foul Ball, location: 2F
1-2: Strikes out swinging
Batting: RHB Mario Álvarez 0-0: SINGLE (Groundball, 34D)
William O'Keefe to second
Runner from 2nd tries for 3rd, SAFE, no throw
Batting: RHB Griffin Woodfinlevine 0-0: Ball
1-0: Ball
2-0: Called Strike
2-1: Ball
3-1: Base on Balls
Mario Álvarez to second
Batting: RHB António Pérez 0-0: Called Strike
0-1: Ball
1-1: Foul Ball, location: 2F
1-2: SINGLE (Line Drive, 89S)
William O'Keefe scores
Mario Álvarez to third
Griffin Woodfinlevine to second
Runner from 3rd tries for Home, SAFE, throw made home
Batting: SHB Zuberi Mccray 0-0: Ball
1-0: Ball
2-0: Ball
3-0: Called Strike
3-1: Fly out, F8 (Line Drive, 89S)
Batting: RHB Arnold Giroux 0-0: Swinging Strike
0-1: Ball
1-1: Ball
2-1: Foul Ball, location: 2F
2-2: Ground out 4-3 (Groundball, 4D)
Top of the 6th over - 2 runs, 3 hits, 0 errors, 2 left on base; New Orleans 2 - Detroit 0
BOTTOM OF THE 6TH
Detroit Renaissance batting - Pitching for New Orleans Voodoo : RHP Juan Montoya
Batting: LHB Alexis Raimbault 0-0: Ball
1-0: Ground out 4-3 (Groundball, 4S)
Batting: LHB Eric Thackston 0-0: Ground out 6-3 (Groundball, 6M)
Batting: RHB Sixto Estrada 0-0: Ground out 4-3 (Groundball, 4M)
Bottom of the 6th over - 0 runs, 0 hits, 0 errors, 0 left on base; New Orleans 2 - Detroit 0
TOP OF THE 7TH
New Orleans Voodoo batting - Pitching for Detroit Renaissance : RHP Javier Castillo
Batting: RHB Orlando Velásquez 0-0: Ball
1-0: Ball
2-0: Called Strike
2-1: Ball
3-1: Ground out 4-3 (Groundball, 4S)
Batting: RHB Rafael Arredondo 0-0: Foul Ball, location: 2F
0-1: Ball
1-1: Ground out U3 (Groundball, 34)
Batting: LHB William O'Keefe 0-0: Swinging Strike
0-1: Ball
1-1: Foul Ball, location: 2F
1-2: Strikes out swinging
Top of the 7th over - 0 runs, 0 hits, 0 errors, 0 left on base; New Orleans 2 - Detroit 0
BOTTOM OF THE 7TH
Detroit Renaissance batting - Pitching for New Orleans Voodoo : RHP Juan Montoya
Batting: RHB Steve Irwin 0-0: Ball
1-0: Ball
2-0: Swinging Strike
2-1: Foul Ball, location: 2F
2-2: Ball
3-2: Foul Ball, location: 2F
3-2: Ground out 1-3 (Groundball, 13S)
Batting: RHB Won-min Yi 0-0: Ball
1-0: Ball
2-0: Ball
3-0: Base on Balls
Batting: RHB Eric D'Angle 0-0: Ball
1-0: Foul Ball, location: 2F
1-1: Grounds into double play, 4-6-3 (Groundball, 34)
Bottom of the 7th over - 0 runs, 0 hits, 0 errors, 0 left on base; New Orleans 2 - Detroit 0
TOP OF THE 8TH
New Orleans Voodoo batting - Pitching for Detroit Renaissance : RHP Javier Castillo
Batting: RHB Claudio Tappen 0-0: Swinging Strike
0-1: Swinging Strike
0-2: Ball
1-2: Ball
2-2: Ball
3-2: Ground out U3 (Groundball, 34)
Batting: RHB Mario Álvarez 0-0: Called Strike
0-1: Ball
1-1: Swinging Strike
1-2: Ball
2-2: Foul Ball, location: 2F
2-2: Ball
3-2: Base on Balls
Pitching: RHP Jimmy O'Flahavan
Batting: RHB Griffin Woodfinlevine 0-0: Called Strike
Mario Álvarez steals 2nd base
0-1: Foul Ball, location: 2F
0-2: Foul Ball, location: 2F
0-2: Ball
1-2: SINGLE (Groundball, 56D)
Mario Álvarez to third
Runner from 3rd tries for Home, SAFE, no throw
Batting: RHB António Pérez 0-0: Ball
1-0: Foul Ball, location: 2F
1-1: Ball
2-1: Ball
3-1: Grounds into double play, 6-4-3 (Groundball, 6M)
Top of the 8th over - 1 run, 1 hit, 0 errors, 0 left on base; New Orleans 3 - Detroit 0
BOTTOM OF THE 8TH
Detroit Renaissance batting - Pitching for New Orleans Voodoo : RHP Juan Montoya
Batting: RHB Quincy van Enk 0-0: Foul Ball, location: 2F
0-1: Called Strike
0-2: Fly out, F7 (Flyball, 7)
Batting: LHB Lance Antle 0-0: Ball
1-0: Swinging Strike
1-1: Ball
2-1: Foul Ball, location: 2F
2-2: Fly out, F3 (Line Drive, 34)
Batting: LHB Elian Gonzalez 0-0: Foul Ball, location: 2F
0-1: Ball
1-1: Ball
2-1: Foul Ball, location: 2F
2-2: Ball
3-2: Fly out, F1 (Line Drive, 13)
Bottom of the 8th over - 0 runs, 0 hits, 0 errors, 0 left on base; New Orleans 3 - Detroit 0
TOP OF THE 9TH
New Orleans Voodoo batting - Pitching for Detroit Renaissance : RHP Jimmy O'Flahavan
Batting: SHB Zuberi Mccray 0-0: Called Strike
0-1: SINGLE (Line Drive, 4MD)
Batting: RHB Arnold Giroux 0-0: Sac Bunt - play at first, batter OUT! 5-3
Zuberi Mccray to second
Batting: RHB Orlando Velásquez 0-0: Foul Ball, location: 2F
0-1: Swinging Strike
0-2: Ball
Wild Pitch!
Zuberi Mccray to third
1-2: Strikes out looking
Batting: RHB Rafael Arredondo 0-0: Called Strike
0-1: Called Strike
0-2: Strikes out looking
Top of the 9th over - 0 runs, 1 hit, 0 errors, 1 left on base; New Orleans 3 - Detroit 0
BOTTOM OF THE 9TH
Detroit Renaissance batting - Pitching for New Orleans Voodoo : RHP Juan Montoya
Batting: LHB Alexis Raimbault 0-0: Ball
1-0: Ground out U3 (Groundball, 34)
Batting: LHB Eric Thackston 0-0: Ball
1-0: Ball
2-0: Ball
3-0: SINGLE (Groundball, 34D)
Batting: RHB Sixto Estrada 0-0: Foul Ball, location: 2F
0-1: Called Strike
0-2: Grounds into double play, 1-4-3 (Groundball, 15S)
Bottom of the 9th over - 0 runs, 1 hit, 0 errors, 0 left on base; New Orleans 3 - Detroit 0
Sunday, March 18th, 2018 - OOTP Baseball 18.8 Build 76